 Dungeon Crawl Stone Soup version 0.30.1-4-g462c640d31 (webtiles) character file.

Game seed: 11605964463224344608

614 spardeous the Conjurer (level 7, -1/50 HPs)
             Began as a Demigod Conjurer on Sept 3, 2023.
             Killed by divine providence
             ... invoked by an orc priest
              (12 damage)
             ... on level 5 of the Dungeon on Sept 4, 2023.
             The game lasted 00:06:00 (4621 turns).

spardeous the Conjurer (Demigod Conjurer)           Turns: 4621, Time: 00:06:01

Health: -1/50      AC:  6    Str:  8    XL:     7   Next: 0%
Magic:  8/17       EV: 10    Int: 28    God:
Gold:   110        SH:  0    Dex: 12    Spells: 12/15 levels left

rFire   . . .        y - staff of air
rCold   . . .        (no shield)
rNeg    . . .        m - +0 ring mail
rPois   .            (no helmet)
rElec   +            t - +0 cloak
rCorr   .            (no gloves)
SInv    .            (no boots)
Will    .....        (no amulet)
Stlth   +            (no ring)
HPRegen 0.28/turn    (no ring)
MPRegen 0.15/turn

%: no passive effects
@: no status effects
A: high MP 1, forlorn, divine attributes
a: no special abilities


You were on level 5 of the Dungeon.
You visited 1 branch of the dungeon, and saw 5 of its levels.

You collected 110 gold pieces.

Inventory:

Hand Weapons
 p - the +6 mace of Wokuwoxis {heavy, rN+ Will- rCorr Str+3}
   (You found it on level 2 of the Dungeon)

   Str:       It affects your strength (+3).
   rN:        It protects you from negative energy.
   rCorr:     It protects you from acid and corrosion.
   Will:      It decreases your willpower.
Missiles
 i - 3 throwing nets
Armour
 m - a +0 ring mail (worn)
 t - a +0 cloak (worn)
 x - a +0 leather armour of willpower
Magical Staves
 y - a staff of air (weapon)
Wands
 w - a wand of flame (11)
Scrolls
 a - a scroll of blinking {unknown}
 d - 8 scrolls of identify {unknown}
 e - 3 scrolls of teleportation {unknown}
 f - 3 scrolls of vulnerability {unknown}
 g - 3 scrolls of magic mapping {unknown}
 j - a scroll of enchant armour {unknown}
 l - 2 scrolls of noise {unknown}
 q - 2 scrolls of enchant weapon {unknown}
Potions
 b - a potion of magic
 c - a potion of mutation {unknown}
 h - 3 potions of heal wounds {unknown}
 k - a potion of berserk rage {unknown}
 n - a potion of cancellation {unknown}
 o - 2 potions of might {unknown}
 r - 2 potions of flight {unknown}
 s - 2 potions of ambrosia {unknown}
 u - 2 potions of lignification {unknown}
 v - a potion of haste {unknown}
 z - a potion of degeneration {unknown}
 A - a potion of curing {unknown}


   Skills:
 - Level 1.7 Dodging
 - Level 1.7 Stealth
 + Level 4.9 Spellcasting
 + Level 6.2 Conjurations


You had 12 spell levels left.
You knew the following spells:

 Your Spells              Type           Power      Damage    Failure   Level
a - Magic Dart            Conj           100%       1d8       1%          1
b - Searing Ray           Conj           82%        2d7       2%          2

Your spell library contained the following spells:

 Spells                   Type           Power      Damage    Failure   Level
 Dazzling Flash           Conj/Hex       48%        N/A       17%         3
 Flame Wave               Conj/Fire      24%        2d8       50%         4
 Fulminant Prism          Conj/Hex       12%        3d9       50%         4
 Iskenderun's Mystic Bla  Conj/Tloc      24%        2d7       50%         4
 Sticky Flame             Conj/Fire      24%        2d5       50%         4
 Inner Flame              Hex/Fire       6%         N/A       54%         3
 Portal Projectile        Hex/Tloc       12%        N/A       54%         3
 Tukima's Dance           Hex            6%         N/A       54%         3
 Vhi's Electric Charge    Tloc/Air       20%        N/A       54%         3
 Freezing Cloud           Conj/Ice/Air   13%        6-21      94%         5
 Blade Hands              Tmut           3%         N/A       99%         5
 Plasma Beam              Fire/Air       5%         2x1d17    100%        6


Dungeon Overview and Level Annotations

Branches:
Dungeon (5/15)
 Temple: D:4-7


Innate Abilities, Weirdness & Mutations

You have an increased reservoir of magic. (+10% MP)
You shall have no god before yourself.
Your divine heritage dramatically boosts your attributes as you level up.


Message History

The searing ray hits the scorpion!
The scorpion is severely wounded.
The searing ray hits the jackal!
You kill the jackal! (Press . to maintain the ray.)
You feel sick.
You are no longer poisoned.
The scorpion barely misses you.
You take 1 damage, and have 35/45 hp.
You now have 6/16 mp.
The searing ray hits the scorpion.
You kill the scorpion!
You have reached level 7!
You regained 5 hp, and now have 40/50 hp.
You now have 110 gold pieces (gained 12).
An orc priest comes into view. It is wielding a +0 whip.
The orc priest shouts!
You hear a shout! x3
An orc comes into view.
It is wielding a +0 hand axe and carrying a wand of iceblast (5).
An orc wizard comes into view. It is wielding a +0 dagger. x2
The orc priest looks encouraged for a moment.
An orc comes into view. It is wielding a +0 war axe.
The orc zaps a wand.
The mass of ice explodes!
The iceblast engulfs you!
You see here 4 stones.
You take 10 damage, and have 32/50 hp.
A jackal comes into view.
The orc priest mumbles some strange prayers to Beogh against you.
Beogh smites you!
* * * LOW HITPOINT WARNING * * *
You take 12 damage, and have 20/50 hp.
MASSIVE DAMAGE!!
The orc priest looks braver for a moment.
The orc zaps a wand.
The mass of ice explodes!
The iceblast engulfs you!
* * * LOW HITPOINT WARNING * * *
The orc wizard mumbles some strange words.
The orc wizard flickers and vanishes!
Deactivating autopickup; reactivate with Ctrl-A.
The jackal bites you but does no damage.
You take 11 damage, and have 10/50 hp.
MASSIVE DAMAGE!!
The jackal closely misses you.
The orc priest calls down the wrath of Beogh upon you.
Beogh smites you!
You die...

#.# ##.....## #.#
#....o..# #.#
#...oo..# #.#
##...o...#
.######.#####.......##
.......†............##
######.#####........#
###..#####h.......#
#<.....#.@........#
#......#.........##
#####......#..###...##
..........(...# #####
#####.........#
#.......### #.......#
#......## #......#


You could see an orc priest, an orc wizard, 2 orcs and a jackal.

Vanquished Creatures
  Duvessa (D:4)
  2 phantoms (D:5)
  A scorpion (D:5)
  Dowan (D:4)
  A jelly (D:5)
  A hound (D:4)
  An orc wizard (D:3)
  4 gnolls (D:2)
  7 adders
  An ufetubus (D:4)
  A worm (D:3)
  3 dart slugs
  5 orcs
  6 bats
  4 endoplasms
  A giant cockroach (D:2)
  7 goblins
  2 hobgoblins (D:1)
  A jackal (D:5)
  5 kobolds
  A quokka (D:1)
  7 ball pythons
  6 frilled lizards
  6 rats
75 creatures vanquished.

Notes
Turn   | Place    | Note
-------+----------+-------------------------------------------
     0 | D:1      | spardeous the Demigod Conjurer began the quest for the Orb.
     0 | D:1      | Reached XP level 1. HP: 14/14 MP: 5/5
   360 | D:1      | Reached XP level 2. HP: 20/20 MP: 5/7
   850 | D:1      | Reached skill level 4 in Conjurations
  1346 | D:1      | Learned a level 2 spell: Searing Ray
  1416 | D:2      | Reached XP level 3. HP: 26/26 MP: 3/9
  1587 | D:2      | Got the Octavo of the Zephyr
  1842 | D:2      | Reached XP level 4. HP: 33/33 MP: 8/11
  1956 | D:2      | Identified the +6 mace of Wokuwoxis {heavy, rN+ Will- rCorr
                  | Str+3}
  2717 | D:3      | Reached XP level 5. HP: 38/38 MP: 10/13
  3108 | D:3      | Reached skill level 5 in Conjurations
  3899 | D:4      | Noticed Duvessa
  3900 | D:4      | Noticed Dowan
  3967 | D:4      | Killed Duvessa
  3968 | D:4      | Reached XP level 6. HP: 21/45 MP: 6/15
  3968 | D:4      | Killed Dowan
  4542 | D:5      | Entered Level 5 of the Dungeon
  4571 | D:5      | Reached skill level 6 in Conjurations
  4604 | D:5      | Reached XP level 7. HP: 40/50 MP: 6/17
  4621 | D:5      | Killed from afar by an orc priest

Illustrated notes

Levels and vault maps discovered:
D:1:      elethiomel_arrival_infinity_welcomes_careful_drivers,
          layout_loops_ring, hangedman_abyss_or_decor_lesser_grid,
          grunt_decor_clamped
D:2:      layout_basic
D:3:      layout_loops_ring, lemuel_coloured_pillars_altar
D:4:      layout_loops_ring, hangedman_abyss_or_decor_stagger,
          supply_closet_lemuel, uniq_duvessa
D:5:      layout_rooms, portal_sewer_entry_a, kennysheep_flooded_box,
          grunt_ministairs_12, chequers_serial_rivers_large_b

Skill      XL: |  1  2  3  4  5  6 |
---------------+-------------------+-----
Spellcasting   | 2 3 4 |  4.9
Conjurations   | 4 5 6 |  6.2
Dodging        | |  1.7
Stealth        | |  1.7

Action                     |  1- 3 |  4- 6 |  7- 9 || total
---------------------------+-------+-------+-------++-------
   Cast: Magic Dart        |    61 |    74 |       ||   135
         Searing Ray       |     3 |    13 |       ||    16
 Armour: Robe              |     1 |       |       ||     1
         Ring mail         |       |     7 |     1 ||     8
  Dodge: Dodged            |     5 |    32 |     1 ||    38
